Influenza vs Wiprows
Created - 22 octobre 2014 at 23:06
Goals
|
| Influenza |
0 |
1 |
1 |
2 |
| Wiprows |
1 |
1 |
1 |
3 |
|
Shots
|
| Influenza |
6 |
13 |
9 |
28 |
| Wiprows |
8 |
5 |
9 |
22 |
|
1st period
1. Wiprows , Joshua Bailey 2 (Jesse Winchester) at 15:02
Penalties :
Jesse Winchester (Win) for Hooking (Minor) at 0:34, Jeremy Morin (VJB) for High sticking (Double Minor) at 6:38
2nd period
2. Influenza , Adam Berti 2 (Jaime Sifers, Corey Tropp) at 1:19
3. Wiprows , Matt Frattin 6 (Brandon Bollig) at 10:18
Penalties :
Joshua Bailey (Win) for Charging (Minor) at 3:27, Brandon Bollig (Win) for Hooking (Minor) at 13:50
3rd period
4. Wiprows , Thomas Hickey 1 (Matt Taormina, Thomas McCollum) at 0:19 (PP)
5. Influenza , Jaime Sifers 3 (Martins Karsums, Robbie Earl) at 15:47
Penalties :
Ryan Carter (VJB) for Hooking (Minor) at 0:07, Eric Wellwood (VJB) for Holding (Minor) at 1:02, Matt Taormina (Win) for Hooking (Minor) at 1:34, Jordan Szwarz (Win) for Roughing (Minor) at 4:25, Maxime Macenauer (Win) for Holding (Minor) at 9:24, Ben Smith (VJB) for Kneeing (Major) at 17:49
Goalie Stats
Alex Stalock (VJB), 19 saves from 22 shots - (0,864), L, 4-4-2, 60:00 minutes
Thomas McCollum (Win), 26 saves from 28 shots - (0,929), W, 1-1-0, 60:00 minutes
Players Stats for Influenza
Player Name G A P +/- PIM S H SB GA TA FO MP PP MP PK MP
------------------------------------------------------------------------------------
Adam Berti 1 0 1 1 0 3 2 0 0 0 0/0 9:41 0:00 1:27
Andreas Engqvist 0 0 0 -1 0 2 2 0 0 0 2/2 9:07 0:00 0:00
Ben Smith 0 0 0 -1 5 3 5 0 1 1 1/1 17:13 4:41 1:16
Carl Gunnarsson 0 0 0 0 0 2 0 0 0 0 0/0 13:20 0:00 0:43
Corey Tropp 0 1 1 1 0 0 1 0 0 0 0/0 10:42 0:15 1:42
Eric Wellwood 0 0 0 -1 2 0 1 0 0 0 1/1 11:49 0:27 0:00
Jaime Sifers 1 1 2 0 0 3 3 2 0 0 0/0 25:46 6:37 3:58
Jeff Petry 0 0 0 0 0 2 2 0 0 0 0/0 13:47 0:00 0:43
Jeremy Morin 0 0 0 -1 4 1 1 0 0 0 0/0 10:20 0:36 0:00
Jordan Schroeder 0 0 0 1 0 3 0 1 0 0 1/3 8:25 0:00 0:11
Martins Karsums 0 1 1 1 0 4 0 1 1 0 1/1 22:16 5:19 3:33
Mathieu Carle 0 0 0 0 0 0 5 0 0 1 0/0 20:53 3:50 2:12
Matt Corrente 0 0 0 0 0 0 4 0 0 0 0/0 19:27 3:50 2:12
Noah Welch 0 0 0 0 0 2 0 2 0 0 0/0 26:47 6:37 3:58
Robbie Earl 0 1 1 1 0 1 3 0 0 1 3/8 22:21 5:19 3:33
Ryan Carter 0 0 0 1 2 0 1 1 0 1 20/33 20:23 5:22 2:04
Ryan Russell 0 0 0 -1 0 1 3 0 0 0 0/1 13:48 4:41 0:00
Zac Dalpe 0 0 0 -1 0 1 3 0 0 0 6/8 15:31 4:41 0:00
Players Stats for Wiprows
Player Name G A P +/- PIM S H SB GA TA FO MP PP MP PK MP
------------------------------------------------------------------------------------
Alec Martinez 0 0 0 0 0 1 1 2 0 1 0/0 24:26 3:03 5:47
Arturs Kulda 0 0 0 0 0 3 1 1 1 0 0/0 23:06 0:15 5:47
Brandon Bollig 0 1 1 2 2 1 2 1 0 0 0/0 13:50 0:00 4:10
Brendon Segal 0 0 0 -2 0 0 2 0 0 0 1/1 14:17 1:05 4:20
Drayson Bowman 0 0 0 0 0 2 2 0 0 0 0/0 17:37 3:26 0:16
Gord Baldwin 0 0 0 0 0 0 0 2 0 0 0/0 16:13 0:15 4:33
Jason Ryznar 0 0 0 0 0 0 1 0 0 0 0/0 4:06 1:00 2:01
Jesse Winchester 0 1 1 0 2 3 3 0 0 0 8/26 24:02 3:16 2:24
Jiri Tlusty 0 0 0 0 0 1 1 0 1 0 0/0 11:59 2:27 0:00
Jordan Szwarz 0 0 0 -2 2 0 1 0 0 0 0/0 9:26 0:00 0:00
Joshua Bailey 1 0 1 2 2 1 1 0 0 0 6/13 14:46 0:10 4:27
Kevin Connauton 0 0 0 0 0 0 1 0 0 1 0/0 17:08 3:03 0:07
Linden Vey 0 0 0 0 0 0 0 2 0 0 1/4 11:54 2:22 0:00
Matt Frattin 1 0 1 2 0 1 1 1 0 0 0/0 9:05 0:00 0:00
Matt Taormina 0 1 1 0 2 2 0 1 1 0 0/0 23:28 3:34 4:33
Maxime Macenauer 0 0 0 -2 2 0 3 0 0 0 1/6 15:56 1:37 3:07
Nazem Kadri 0 0 0 0 0 2 1 0 0 0 4/6 4:24 1:50 0:04
Nick Bonino 0 0 0 0 0 2 3 0 0 0 2/2 17:15 3:26 0:05
Thomas Hickey 1 0 1 0 0 3 1 0 1 0 0/0 15:02 3:35 0:07
3 Stars
1 - Jaime Sifers (VJB)
2 - Matt Frattin (Win)
3 - Adam Berti (VJB)
Power Play
Influenza - 0 on 6 Attempt(s) - 0,00%
Wiprows - 1 on 5 Attempt(s) - 20,00%
Penalty Kill
Influenza - 4 on 5 Attempt(s) - 80,00%
- Score 0 goal in Penalty Kill
Wiprows - 6 on 6 Attempt(s) - 100,00%
- Score 0 goal in Penalty Kill
Official
Referees : Watson Brad and Rooney Chris
Linesman : Derek Amell and Brian Mach
Game Notes
Nazem Kadri is injured at 14:30 of 1st period (Broken Bone (Left Arm))
Finance
Level 1 -- Attendance: 1564 (78,20%) -- Ticket Income 50 048 $
Level 2 -- Attendance: 676 (67,60%) -- Ticket Income 12 168 $
Total Attendance: 2240 (74,67%)
Total Ticket Income: 62 216 $
Other Income: 3 111 $
Total Income: 65 327 $
Influenza
5 vs 5 Forward
Center Left Wing Right Wing Time % Phy DF OF
1 Ryan Carter Robbie Earl Martins Karsums 40 1 2 2
2 Zac Dalpe Eric Wellwood Ben Smith 30 1 2 2
3 Andreas Engqvist Ryan Russell Jeremy Morin 20 1 2 2
4 Jordan Schroeder Adam Berti Corey Tropp 10 1 2 2
5 vs 5 Defense
Defense Defense Time % Phy DF OF
1 Noah Welch Mathieu Carle 40 1 2 2
2 Jaime Sifers Matt Corrente 30 1 2 2
3 Carl Gunnarsson Jeff Petry 20 1 2 2
4 Noah Welch Jaime Sifers 10 1 2 2
PowerPlay Forward
Center Left Wing Right Wing Time % Phy DF OF
1 Ryan Carter Robbie Earl Martins Karsums 60 1 2 2
2 Zac Dalpe Ryan Russell Ben Smith 40 1 2 2
PowerPlay Defense
Defense Defense Time % Phy DF OF
1 Noah Welch Jaime Sifers 60 1 2 2
2 Mathieu Carle Matt Corrente 40 1 2 2
Penalty Kill 4 Players Forward
Center Wing Time % Phy DF OF
1 Robbie Earl Martins Karsums 60 1 2 2
2 Ryan Carter Ben Smith 40 1 2 2
Penalty Kill 4 Players Defense
Defense Defense Time % Phy DF OF
1 Noah Welch Jaime Sifers 60 1 2 2
2 Mathieu Carle Matt Corrente 40 1 2 2
Penalty Kill - 3 Players Forward
Forward Time % Phy DF OF
1 Robbie Earl 60 1 2 2
2 Martins Karsums 40 1 2 2
Penalty Kill - 3 Players Defense
Defense Defense Time % Phy DF OF
1 Noah Welch Jaime Sifers 60 1 2 2
2 Mathieu Carle Matt Corrente 40 1 2 2
4 vs 4 Forward
Center Wing Time % Phy DF OF
1 Robbie Earl Martins Karsums 60 1 2 2
2 Ryan Carter Ben Smith 40 1 2 2
4 vs 4 Defense
Defense Defense Time % Phy DF OF
1 Noah Welch Jaime Sifers 60 1 2 2
2 Mathieu Carle Matt Corrente 40 1 2 2
Last Minutes Offensive
Center Left Wing Right Wing Defense Defense
Ryan Carter Robbie Earl Martins Karsums Noah Welch Jaime Sifers
Last Minutes Defensive
Center Left Wing Right Wing Defense Defense
Ryan Carter Robbie Earl Martins Karsums Noah Welch Jaime Sifers
Goaltenders
Starting : Alex Stalock
Backup : Tyson Sexsmith
Extra Forwards
Normal : Jeremy Morin, Eric Wellwood, Corey Tropp - PP : Jeremy Morin, Eric Wellwood - PK : Corey Tropp
Extra Defensemen
Normal : Carl Gunnarsson, Jeff Petry, Mathieu Carle - PP : Carl Gunnarsson - PK : Jeff Petry, Mathieu Carle
Penalty Shots
Robbie Earl, Martins Karsums, Ryan Carter, Ben Smith, Zac Dalpe
Wiprows
5 vs 5 Forward
Center Left Wing Right Wing Time % Phy DF OF
1 Nazem Kadri Drayson Bowman Nick Bonino 34 1 1 3
2 Jesse Winchester Jiri Tlusty Linden Vey 32 1 1 3
3 Joshua Bailey Brandon Bollig Matt Frattin 18 2 1 2
4 Maxime Macenauer Brendon Segal Jordan Szwarz 16 3 1 1
5 vs 5 Defense
Defense Defense Time % Phy DF OF
1 Matt Taormina Arturs Kulda 37 1 1 3
2 Alec Martinez Kevin Connauton 35 1 2 2
3 Thomas Hickey Gord Baldwin 26 2 2 1
4 Alec Martinez Matt Taormina 2 1 1 3
PowerPlay Forward
Center Left Wing Right Wing Time % Phy DF OF
1 Nazem Kadri Drayson Bowman Nick Bonino 55 1 0 4
2 Jesse Winchester Jiri Tlusty Linden Vey 45 1 0 4
PowerPlay Defense
Defense Defense Time % Phy DF OF
1 Matt Taormina Thomas Hickey 55 0 1 4
2 Kevin Connauton Alec Martinez 45 0 1 4
Penalty Kill 4 Players Forward
Center Wing Time % Phy DF OF
1 Joshua Bailey Brandon Bollig 53 1 3 1
2 Maxime Macenauer Brendon Segal 47 1 3 1
Penalty Kill 4 Players Defense
Defense Defense Time % Phy DF OF
1 Arturs Kulda Alec Martinez 53 1 4 0
2 Gord Baldwin Matt Taormina 47 1 4 0
Penalty Kill - 3 Players Forward
Forward Time % Phy DF OF
1 Nick Bonino 55 0 5 0
2 Jesse Winchester 45 0 5 0
Penalty Kill - 3 Players Defense
Defense Defense Time % Phy DF OF
1 Matt Taormina Arturs Kulda 60 1 4 0
2 Gord Baldwin Alec Martinez 40 1 4 0
4 vs 4 Forward
Center Wing Time % Phy DF OF
1 Nazem Kadri Drayson Bowman 54 1 2 2
2 Nick Bonino Jiri Tlusty 46 1 2 2
4 vs 4 Defense
Defense Defense Time % Phy DF OF
1 Matt Taormina Alec Martinez 60 1 2 2
2 Kevin Connauton Thomas Hickey 40 1 2 2
Last Minutes Offensive
Center Left Wing Right Wing Defense Defense
Nazem Kadri Drayson Bowman Nick Bonino Thomas Hickey Matt Taormina
Last Minutes Defensive
Center Left Wing Right Wing Defense Defense
Joshua Bailey Arturs Kulda Brendon Segal Alec Martinez Gord Baldwin
Goaltenders
Starting : Thomas McCollum
Backup : Al Montoya
Extra Forwards
Normal : Nazem Kadri, Nick Bonino, Drayson Bowman - PP : Nazem Kadri, Nick Bonino - PK : Brendon Segal
Extra Defensemen
Normal : Matt Taormina, Alec Martinez, Arturs Kulda - PP : Kevin Connauton - PK : Arturs Kulda, Thomas Hickey
Penalty Shots
Jiri Tlusty, Jason Ryznar, Jesse Winchester, Drayson Bowman, Linden Vey
% Time on Ice - Influenza
Lines # - Real PCT - Wanted PCT - Time Play
Normal Forward
1 - 32% - 40% - 13:02
2 - 26% - 30% - 10:50
3 - 22% - 20% - 9:07
4 - 20% - 10% - 8:14
Normal Defense
1 - 39% - 40% - 16:08
2 - 29% - 30% - 12:07
3 - 29% - 20% - 12:02
4 - 2% - 10% - 0:56
PP Forward
1 - 55% - 60% - 5:46
2 - 45% - 40% - 4:41
PP Defense
1 - 63% - 60% - 6:37
2 - 37% - 40% - 3:50
PK Forward
1 - 70% - 60% - 4:49
2 - 30% - 40% - 2:04
PK Defense
1 - 68% - 60% - 4:41
2 - 32% - 40% - 2:12
PK3 Forward
1 - 0% - 60%
2 - 0% - 40%
PK3 Defense
1 - 0% - 60%
2 - 0% - 40%
44 Forward
1 - 69% - 60% - 1:00
2 - 31% - 40% - 0:27
44 Defense
1 - 46% - 60% - 0:40
2 - 54% - 40% - 0:47
Last Minute Offensive - 0:00
Last Minute Defensive - 0:00
Total
Forward - 60:00
Defense - 60:00
|
% Time on Ice - Wiprows
Lines # - Real PCT - Wanted PCT - Time Play
Normal Forward
1 - 33% - 34% - 13:43
2 - 25% - 32% - 10:08
3 - 22% - 18% - 9:05
4 - 20% - 16% - 8:17
Normal Defense
1 - 39% - 37% - 16:13
2 - 36% - 35% - 14:49
3 - 25% - 26% - 10:11
4 - 0% - 2% - 0:00
PP Forward
1 - 57% - 55% - 3:56
2 - 43% - 45% - 2:57
PP Defense
1 - 56% - 55% - 3:50
2 - 44% - 45% - 3:03
PK Forward
1 - 60% - 53% - 6:16
2 - 40% - 47% - 4:11
PK Defense
1 - 55% - 53% - 5:47
2 - 45% - 47% - 4:40
PK3 Forward
1 - 0% - 55%
2 - 0% - 45%
PK3 Defense
1 - 0% - 60%
2 - 0% - 40%
44 Forward
1 - 100% - 54% - 1:27
2 - 0% - 46% - 0:00
44 Defense
1 - 66% - 60% - 0:57
2 - 34% - 40% - 0:30
Last Minute Offensive - 0:00
Last Minute Defensive - 0:00
Total
Forward - 60:00
Defense - 60:00
|
Play by Play
1st period
0:01 of 1st period - Ryan Carter wins face-off versus Nazem Kadri in neutral zone.
0:04 of 1st period - Snap shot by Robbie Earl.
0:04 of 1st period - Shot Blocked by Arturs Kulda.
0:10 of 1st period - Robbie Earl is hit by Nazem Kadri and loses puck.
0:15 of 1st period - Snap shot by Nazem Kadri.
0:15 of 1st period - Stopped by Alex Stalock without a rebound.
0:16 of 1st period - Zac Dalpe wins face-off versus Jesse Winchester in Influenza zone.
0:23 of 1st period - Wrist shot by Zac Dalpe.
0:23 of 1st period - Stopped by Thomas McCollum without a rebound.
0:24 of 1st period - Zac Dalpe wins face-off versus Linden Vey in Wiprows zone.
0:34 of 1st period - Minor Penalty to Jesse Winchester for Hooking.
0:35 of 1st period - Ryan Carter wins face-off versus Joshua Bailey in Wiprows zone.
0:37 of 1st period - Wrist shot by Martins Karsums.
0:37 of 1st period - Stopped by Thomas McCollum without a rebound.
0:38 of 1st period - Joshua Bailey wins face-off versus Ryan Carter in Wiprows zone.
1:11 of 1st period - Joshua Bailey is hit by Zac Dalpe and loses puck.
2:12 of 1st period - Alec Martinez is hit by Ryan Russell and loses puck.
2:34 of 1st period - Penalty to Jesse Winchester is over, Jesse Winchester is back on ice.
2:55 of 1st period - Wrist shot by Corey Tropp.
2:55 of 1st period - Shot Misses the Net.
2:57 of 1st period - Slapshot by Jeff Petry.
2:57 of 1st period - Stopped by Thomas McCollum with a rebound.
3:09 of 1st period - Mathieu Carle is hit by Arturs Kulda and loses puck.
3:35 of 1st period - Eric Wellwood is hit by Maxime Macenauer.
3:51 of 1st period - Matt Corrente is hit by Matt Frattin.
4:07 of 1st period - Martins Karsums is hit by Jesse Winchester and loses puck.
4:32 of 1st period - Ryan Russell is hit by Drayson Bowman and loses puck.
4:45 of 1st period - Maxime Macenauer is hit by Mathieu Carle and loses puck.
5:20 of 1st period - Matt Taormina is hit by Zac Dalpe and loses puck.
5:39 of 1st period - Wrist shot by Nick Bonino.
5:39 of 1st period - Deflect By Noah Welch.
5:39 of 1st period - Shot Blocked by Noah Welch.
5:39 of 1st period - Puck is out of play.
5:40 of 1st period - Ryan Carter wins face-off versus Jesse Winchester in Influenza zone.
6:36 of 1st period - Wrist shot by Maxime Macenauer.
6:36 of 1st period - Shot Blocked by Jaime Sifers.
6:38 of 1st period - Double Minor Penalty to Jeremy Morin for High sticking.
6:39 of 1st period - Nazem Kadri wins face-off versus Robbie Earl in Influenza zone.
6:40 of 1st period - Snap shot by Nick Bonino.
6:40 of 1st period - Stopped by Alex Stalock without a rebound.
6:41 of 1st period - Nazem Kadri wins face-off versus Robbie Earl in Influenza zone.
6:50 of 1st period - Wrist shot by Nazem Kadri.
6:50 of 1st period - Stopped by Alex Stalock without a rebound.
6:51 of 1st period - Nazem Kadri wins face-off versus Robbie Earl in Influenza zone.
9:06 of 1st period - Maxime Macenauer is hit by Adam Berti and loses puck.
9:25 of 1st period - Noah Welch is hit by Alec Martinez and loses puck.
10:38 of 1st period - Penalty to Jeremy Morin is over, Jeremy Morin is back on ice.
10:54 of 1st period - Wrist shot by Ryan Russell.
10:54 of 1st period - Shot Blocked by Matt Frattin.
11:19 of 1st period - Matt Taormina is hit by Jeff Petry and loses puck.
11:26 of 1st period - Gord Baldwin is hit by Jeff Petry and loses puck.
11:54 of 1st period - Slapshot by Thomas Hickey.
11:54 of 1st period - Stopped by Alex Stalock with a rebound.
12:08 of 1st period - Jiri Tlusty is hit by Matt Corrente.
12:12 of 1st period - Jesse Winchester is hit by Jaime Sifers and loses puck.
12:51 of 1st period - Kevin Connauton is hit by Ryan Carter and loses puck.
13:31 of 1st period - Alec Martinez is hit by Ryan Russell and loses puck.
13:44 of 1st period - Eric Wellwood is hit by Nick Bonino and loses puck.
13:51 of 1st period - Nick Bonino is hit by Ben Smith and loses puck.
14:20 of 1st period - Icing by Jiri Tlusty.
14:21 of 1st period - Ryan Carter wins face-off versus Jesse Winchester in Wiprows zone.
14:24 of 1st period - Slapshot by Robbie Earl.
14:24 of 1st period - Deflect By Ryan Carter.
14:24 of 1st period - Shot Misses the Net.
14:24 of 1st period - Puck is out of play.
14:25 of 1st period - Ryan Carter wins face-off versus Nazem Kadri in Wiprows zone.
14:28 of 1st period - Snap shot by Robbie Earl.
14:28 of 1st period - Deflect By Martins Karsums.
14:28 of 1st period - Stopped by Thomas McCollum without a rebound.
14:29 of 1st period - Nazem Kadri wins face-off versus Ryan Carter in Wiprows zone.
14:29 of 1st period - Nazem Kadri is hit by Robbie Earl.
14:30 of 1st period - Nazem Kadri from Wiprows is injured at 14:30 of 1st period (Broken Bone (Left Arm)).
14:31 of 1st period - Ryan Carter wins face-off versus Jesse Winchester in Wiprows zone.
14:32 of 1st period - Snap shot by Martins Karsums.
14:32 of 1st period - Stopped by Thomas McCollum without a rebound.
14:33 of 1st period - Jesse Winchester wins face-off versus Ryan Carter in Wiprows zone.
15:02 of 1st period - Wrist shot by Joshua Bailey.
15:02 of 1st period - Goal by Joshua Bailey - Influenza : 0 - Wiprows : 1.
15:03 of 1st period - Jesse Winchester wins face-off versus Ryan Carter in neutral zone.
15:06 of 1st period - Mathieu Carle is hit by Jesse Winchester and loses puck.
15:37 of 1st period - Snap shot by Zac Dalpe.
15:37 of 1st period - Shot Blocked by Alec Martinez.
16:22 of 1st period - Snap shot by Brandon Bollig.
16:22 of 1st period - Stopped by Alex Stalock without a rebound.
16:23 of 1st period - Jesse Winchester wins face-off versus Ryan Carter in Influenza zone.
16:28 of 1st period - Wrist shot by Nick Bonino.
16:28 of 1st period - Stopped by Alex Stalock without a rebound.
16:29 of 1st period - Ryan Carter wins face-off versus Jesse Winchester in Influenza zone.
17:38 of 1st period - Slapshot by Jesse Winchester.
17:38 of 1st period - Stopped by Alex Stalock with a rebound.
17:50 of 1st period - Alec Martinez is hit by Matt Corrente and loses puck.
19:22 of 1st period - Eric Wellwood is hit by Jordan Szwarz and loses puck.
19:29 of 1st period - Brendon Segal is hit by Ben Smith and loses puck.
19:47 of 1st period - Snap shot by Robbie Earl.
19:47 of 1st period - Stopped by Thomas McCollum with a rebound.
Goals for this period are 0 for Influenza vs 1 for Wiprows.
Shots for this period are 6 for Influenza vs 8 for Wiprows.
2nd period
0:01 of 2nd period - Ryan Carter wins face-off versus Linden Vey in neutral zone.
0:09 of 2nd period - Wrist shot by Jesse Winchester.
0:09 of 2nd period - Shot Blocked by Martins Karsums.
0:11 of 2nd period - Slapshot by Matt Taormina.
0:11 of 2nd period - Stopped by Alex Stalock without a rebound.
0:12 of 2nd period - Jesse Winchester wins face-off versus Ryan Carter in Influenza zone.
1:17 of 2nd period - Slapshot by Jaime Sifers.
1:17 of 2nd period - Shot Misses the Net.
1:19 of 2nd period - Snap shot by Adam Berti.
1:19 of 2nd period - Goal by Adam Berti - Influenza : 1 - Wiprows : 1.
1:20 of 2nd period - Jesse Winchester wins face-off versus Ryan Carter in neutral zone.
1:46 of 2nd period - Alec Martinez is hit by Andreas Engqvist and loses puck.
1:53 of 2nd period - Slapshot by Jaime Sifers.
1:53 of 2nd period - Stopped by Thomas McCollum with a rebound.
3:27 of 2nd period - Minor Penalty to Joshua Bailey for Charging.
3:28 of 2nd period - Brendon Segal wins face-off versus Ryan Carter in Wiprows zone.
3:34 of 2nd period - Snap shot by Ryan Carter.
3:34 of 2nd period - Shot Misses the Net.
3:44 of 2nd period - Slapshot by Jaime Sifers.
3:44 of 2nd period - Stopped by Thomas McCollum with a rebound.
4:06 of 2nd period - Slapshot by Jaime Sifers.
4:06 of 2nd period - Deflect By Ben Smith.
4:06 of 2nd period - Stopped by Thomas McCollum with a rebound.
5:27 of 2nd period - Penalty to Joshua Bailey is over, Joshua Bailey is back on ice.
6:19 of 2nd period - Icing by Drayson Bowman.
6:20 of 2nd period - Ryan Carter wins face-off versus Maxime Macenauer in Wiprows zone.
6:21 of 2nd period - Snap shot by Martins Karsums.
6:21 of 2nd period - Stopped by Thomas McCollum without a rebound.
6:22 of 2nd period - Ryan Carter wins face-off versus Maxime Macenauer in Wiprows zone.
6:57 of 2nd period - Wrist shot by Andreas Engqvist.
6:57 of 2nd period - Stopped by Thomas McCollum without a rebound.
6:58 of 2nd period - Joshua Bailey wins face-off versus Ryan Carter in Wiprows zone.
6:58 of 2nd period - Joshua Bailey is hit by Robbie Earl.
7:29 of 2nd period - Snap shot by Matt Taormina.
7:29 of 2nd period - Stopped by Alex Stalock without a rebound.
7:30 of 2nd period - Linden Vey wins face-off versus Zac Dalpe in Influenza zone.
7:41 of 2nd period - Wrist shot by Jesse Winchester.
7:41 of 2nd period - Shot Blocked by Jaime Sifers.
7:43 of 2nd period - Snap shot by Arturs Kulda.
7:43 of 2nd period - Stopped by Alex Stalock without a rebound.
7:44 of 2nd period - Ryan Carter wins face-off versus Jesse Winchester in Influenza zone.
7:51 of 2nd period - Slapshot by Noah Welch.
7:51 of 2nd period - Stopped by Thomas McCollum without a rebound.
7:52 of 2nd period - Ryan Carter wins face-off versus Jesse Winchester in Wiprows zone.
8:23 of 2nd period - Off-side.
8:24 of 2nd period - Eric Wellwood wins face-off versus Jesse Winchester in neutral zone.
8:26 of 2nd period - Off-side.
8:27 of 2nd period - Zac Dalpe wins face-off versus Jesse Winchester in neutral zone.
9:00 of 2nd period - Jaime Sifers is hit by Drayson Bowman and loses puck.
9:04 of 2nd period - Matt Corrente is hit by Nick Bonino.
9:16 of 2nd period - Wrist shot by Mathieu Carle.
9:16 of 2nd period - Deflect By Jordan Schroeder.
9:16 of 2nd period - Shot Misses the Net.
9:16 of 2nd period - Puck is out of play.
9:17 of 2nd period - Joshua Bailey wins face-off versus Jordan Schroeder in Wiprows zone.
10:18 of 2nd period - Snap shot by Matt Frattin.
10:18 of 2nd period - Goal by Matt Frattin - Influenza : 1 - Wiprows : 2.
10:19 of 2nd period - Jesse Winchester wins face-off versus Ryan Carter in neutral zone.
10:30 of 2nd period - Slapshot by Jiri Tlusty.
10:30 of 2nd period - Shot Misses the Net.
10:44 of 2nd period - Eric Wellwood is hit by Nick Bonino and loses puck.
11:47 of 2nd period - Wrist shot by Jesse Winchester.
11:47 of 2nd period - Stopped by Alex Stalock with a rebound.
12:23 of 2nd period - Slapshot by Robbie Earl.
12:23 of 2nd period - Shot Misses the Net.
12:25 of 2nd period - Slapshot by Jeff Petry.
12:25 of 2nd period - Stopped by Thomas McCollum with a rebound.
12:35 of 2nd period - Wrist shot by Matt Frattin.
12:35 of 2nd period - Shot Blocked by Jordan Schroeder.
12:41 of 2nd period - Joshua Bailey is hit by Mathieu Carle and loses puck.
12:54 of 2nd period - Wrist shot by Jeremy Morin.
12:54 of 2nd period - Stopped by Thomas McCollum with a rebound.
13:34 of 2nd period - Snap shot by Ben Smith.
13:34 of 2nd period - Shot Misses the Net.
13:38 of 2nd period - Wrist shot by Ben Smith.
13:38 of 2nd period - Stopped by Thomas McCollum without a rebound.
13:39 of 2nd period - Zac Dalpe wins face-off versus Joshua Bailey in Wiprows zone.
13:46 of 2nd period - Wrist shot by Ben Smith.
13:46 of 2nd period - Stopped by Thomas McCollum without a rebound.
13:47 of 2nd period - Joshua Bailey wins face-off versus Zac Dalpe in Wiprows zone.
13:47 of 2nd period - Joshua Bailey is hit by Ben Smith.
13:50 of 2nd period - Minor Penalty to Brandon Bollig for Hooking.
13:51 of 2nd period - Ryan Carter wins face-off versus Joshua Bailey in Wiprows zone.
15:04 of 2nd period - Matt Taormina is hit by Ryan Russell and loses puck.
15:50 of 2nd period - Penalty to Brandon Bollig is over, Brandon Bollig is back on ice.
15:58 of 2nd period - Snap shot by Jordan Schroeder.
15:58 of 2nd period - Stopped by Thomas McCollum with a rebound.
16:00 of 2nd period - Wrist shot by Jordan Schroeder.
16:00 of 2nd period - Stopped by Thomas McCollum with a rebound.
16:02 of 2nd period - Snap shot by Adam Berti.
16:02 of 2nd period - Shot Misses the Net.
16:04 of 2nd period - Slapshot by Jeff Petry.
16:04 of 2nd period - Shot Blocked by Brandon Bollig.
16:30 of 2nd period - Off-side.
16:31 of 2nd period - Maxime Macenauer wins face-off versus Jordan Schroeder in neutral zone.
16:34 of 2nd period - Adam Berti is hit by Thomas Hickey and loses puck.
17:59 of 2nd period - Jeff Petry is hit by Kevin Connauton and loses puck.
18:18 of 2nd period - Martins Karsums is hit by Joshua Bailey and loses puck.
18:59 of 2nd period - Slapshot by Mathieu Carle.
18:59 of 2nd period - Shot Blocked by Linden Vey.
19:19 of 2nd period - Arturs Kulda is hit by Robbie Earl and loses puck.
19:38 of 2nd period - Drayson Bowman is hit by Corey Tropp and loses puck.
19:47 of 2nd period - Wrist shot by Corey Tropp.
19:47 of 2nd period - Shot Misses the Net.
Goals for this period are 1 for Influenza vs 1 for Wiprows.
Shots for this period are 13 for Influenza vs 5 for Wiprows.
3rd period
0:01 of 3rd period - Ryan Carter wins face-off versus Jesse Winchester in neutral zone.
0:07 of 3rd period - Minor Penalty to Ryan Carter for Hooking.
0:08 of 3rd period - Robbie Earl wins face-off versus Jesse Winchester in Influenza zone.
0:19 of 3rd period - Slapshot by Thomas Hickey.
0:19 of 3rd period - Deflect By Jaime Sifers.
0:19 of 3rd period - Goal by Thomas Hickey - Influenza : 1 - Wiprows : 3.
0:20 of 3rd period - Ryan Carter wins face-off versus Jesse Winchester in neutral zone.
0:23 of 3rd period - Snap shot by Mathieu Carle.
0:23 of 3rd period - Shot Blocked by Alec Martinez.
0:29 of 3rd period - Slapshot by Alec Martinez.
0:29 of 3rd period - Stopped by Alex Stalock without a rebound.
0:30 of 3rd period - Jesse Winchester wins face-off versus Ryan Carter in Influenza zone.
0:31 of 3rd period - Wrist shot by Jiri Tlusty.
0:31 of 3rd period - Stopped by Alex Stalock without a rebound.
0:32 of 3rd period - Ryan Carter wins face-off versus Jesse Winchester in Influenza zone.
0:32 of 3rd period - Ryan Carter is hit by Jiri Tlusty.
0:35 of 3rd period - Icing by Mathieu Carle.
0:36 of 3rd period - Ryan Carter wins face-off versus Linden Vey in Influenza zone.
1:02 of 3rd period - Minor Penalty to Eric Wellwood for Holding.
1:03 of 3rd period - Martins Karsums wins face-off versus Jesse Winchester in Influenza zone.
1:34 of 3rd period - Minor Penalty to Matt Taormina for Hooking.
1:35 of 3rd period - Nick Bonino wins face-off versus Robbie Earl in Wiprows zone.
1:44 of 3rd period - Slapshot by Nick Bonino.
1:44 of 3rd period - Deflect By Drayson Bowman.
1:44 of 3rd period - Stopped by Alex Stalock with a rebound.
1:46 of 3rd period - Snap shot by Drayson Bowman.
1:46 of 3rd period - Stopped by Alex Stalock with a rebound.
1:48 of 3rd period - Slapshot by Arturs Kulda.
1:48 of 3rd period - Deflect By Robbie Earl.
1:48 of 3rd period - Stopped by Alex Stalock with a rebound.
2:12 of 3rd period - Slapshot by Noah Welch.
2:12 of 3rd period - Shot Misses the Net.
2:14 of 3rd period - Slapshot by Noah Welch.
2:14 of 3rd period - Deflect By Thomas Hickey.
2:14 of 3rd period - Stopped by Thomas McCollum without a rebound.
2:15 of 3rd period - Ryan Carter wins face-off versus Jesse Winchester in Wiprows zone.
2:20 of 3rd period - Snap shot by Ben Smith.
2:20 of 3rd period - Shot Misses the Net.
2:39 of 3rd period - Nick Bonino is hit by Mathieu Carle and loses puck.
2:49 of 3rd period - Icing by Martins Karsums.
2:50 of 3rd period - Nick Bonino wins face-off versus Robbie Earl in Influenza zone.
3:02 of 3rd period - Penalty to Eric Wellwood is over, Eric Wellwood is back on ice.
3:08 of 3rd period - Off-side.
3:09 of 3rd period - Ben Smith wins face-off versus Joshua Bailey in neutral zone.
3:13 of 3rd period - Off-side.
3:14 of 3rd period - Joshua Bailey wins face-off versus Ryan Carter in neutral zone.
3:34 of 3rd period - Penalty to Matt Taormina is over, Matt Taormina is back on ice.
3:40 of 3rd period - Backhand shot by Zac Dalpe.
3:40 of 3rd period - Shot Blocked by Linden Vey.
3:42 of 3rd period - Slapshot by Noah Welch.
3:42 of 3rd period - Shot Misses the Net.
4:17 of 3rd period - Icing by Carl Gunnarsson.
4:18 of 3rd period - Jordan Schroeder wins face-off versus Maxime Macenauer in Influenza zone.
4:18 of 3rd period - Jordan Schroeder is hit by Brendon Segal.
4:25 of 3rd period - Minor Penalty to Jordan Szwarz for Roughing.
4:26 of 3rd period - Ryan Carter wins face-off versus Joshua Bailey in Wiprows zone.
4:40 of 3rd period - Slapshot by Robbie Earl.
4:40 of 3rd period - Shot Misses the Net.
4:42 of 3rd period - Slapshot by Ryan Carter.
4:42 of 3rd period - Shot Blocked by Matt Taormina.
4:52 of 3rd period - Maxime Macenauer is hit by Zac Dalpe and loses puck.
6:25 of 3rd period - Penalty to Jordan Szwarz is over, Jordan Szwarz is back on ice.
6:40 of 3rd period - Slapshot by Carl Gunnarsson.
6:40 of 3rd period - Stopped by Thomas McCollum with a rebound.
7:20 of 3rd period - Jesse Winchester is hit by Ben Smith and loses puck.
7:31 of 3rd period - Jesse Winchester is hit by Adam Berti and loses puck.
8:02 of 3rd period - Snap shot by Nick Bonino.
8:02 of 3rd period - Shot Misses the Net.
8:12 of 3rd period - Nick Bonino is hit by Matt Corrente and loses puck.
8:31 of 3rd period - Alec Martinez is hit by Andreas Engqvist and loses puck.
9:24 of 3rd period - Minor Penalty to Maxime Macenauer for Holding.
9:25 of 3rd period - Joshua Bailey wins face-off versus Ryan Russell in Wiprows zone.
9:34 of 3rd period - Snap shot by Brandon Bollig.
9:34 of 3rd period - Shot Misses the Net.
9:36 of 3rd period - Slapshot by Arturs Kulda.
9:36 of 3rd period - Stopped by Alex Stalock without a rebound.
9:37 of 3rd period - Jesse Winchester wins face-off versus Ryan Carter in Influenza zone.
10:02 of 3rd period - Ben Smith is hit by Brendon Segal.
10:08 of 3rd period - Jesse Winchester is hit by Ben Smith and loses puck.
11:24 of 3rd period - Penalty to Maxime Macenauer is over, Maxime Macenauer is back on ice.
11:30 of 3rd period - Thomas Hickey is hit by Jaime Sifers and loses puck.
11:37 of 3rd period - Corey Tropp is hit by Jesse Winchester and loses puck.
11:48 of 3rd period - Jaime Sifers is hit by Maxime Macenauer and loses puck.
12:06 of 3rd period - Wrist shot by Jordan Schroeder.
12:06 of 3rd period - Stopped by Thomas McCollum with a rebound.
12:08 of 3rd period - Snap shot by Adam Berti.
12:08 of 3rd period - Stopped by Thomas McCollum with a rebound.
12:16 of 3rd period - Snap shot by Jordan Schroeder.
12:16 of 3rd period - Shot Blocked by Gord Baldwin.
12:18 of 3rd period - Snap shot by Jordan Schroeder.
12:18 of 3rd period - Shot Misses the Net.
12:20 of 3rd period - Slapshot by Adam Berti.
12:20 of 3rd period - Stopped by Thomas McCollum with a rebound.
12:22 of 3rd period - Slapshot by Carl Gunnarsson.
12:22 of 3rd period - Stopped by Thomas McCollum without a rebound.
12:23 of 3rd period - Ryan Carter wins face-off versus Jesse Winchester in Wiprows zone.
12:44 of 3rd period - Matt Frattin is hit by Eric Wellwood and loses puck.
12:51 of 3rd period - Jeff Petry is hit by Brandon Bollig and loses puck.
13:33 of 3rd period - Wrist shot by Robbie Earl.
13:33 of 3rd period - Shot Misses the Net.
14:10 of 3rd period - Gord Baldwin is hit by Jaime Sifers and loses puck.
14:23 of 3rd period - Jordan Szwarz is hit by Matt Corrente.
15:03 of 3rd period - Mathieu Carle is hit by Brandon Bollig and loses puck.
15:08 of 3rd period - Slapshot by Matt Frattin.
15:08 of 3rd period - Deflect By Joshua Bailey.
15:08 of 3rd period - Shot Blocked by Ryan Carter.
15:08 of 3rd period - Puck is out of play.
15:09 of 3rd period - Zac Dalpe wins face-off versus Joshua Bailey in Influenza zone.
15:32 of 3rd period - Drayson Bowman is hit by Mathieu Carle and loses puck.
15:43 of 3rd period - Snap shot by Ryan Russell.
15:43 of 3rd period - Stopped by Thomas McCollum without a rebound.
15:44 of 3rd period - Robbie Earl wins face-off versus Maxime Macenauer in Wiprows zone.
15:45 of 3rd period - Slapshot by Martins Karsums.
15:45 of 3rd period - Shot Blocked by Gord Baldwin.
15:47 of 3rd period - Slapshot by Jaime Sifers.
15:47 of 3rd period - Goal by Jaime Sifers - Influenza : 2 - Wiprows : 3.
15:48 of 3rd period - Andreas Engqvist wins face-off versus Joshua Bailey in neutral zone.
16:01 of 3rd period - Snap shot by Joshua Bailey.
16:01 of 3rd period - Shot Blocked by Noah Welch.
16:13 of 3rd period - Maxime Macenauer is hit by Mathieu Carle and loses puck.
16:38 of 3rd period - Snap shot by Jesse Winchester.
16:38 of 3rd period - Stopped by Alex Stalock without a rebound.
16:39 of 3rd period - Andreas Engqvist wins face-off versus Jesse Winchester in Influenza zone.
16:44 of 3rd period - Jesse Winchester is hit by Jeremy Morin and loses puck.
16:51 of 3rd period - Snap shot by Andreas Engqvist.
16:51 of 3rd period - Stopped by Thomas McCollum with a rebound.
16:53 of 3rd period - Slapshot by Jaime Sifers.
16:53 of 3rd period - Shot Misses the Net.
16:55 of 3rd period - Slapshot by Matt Corrente.
16:55 of 3rd period - Shot Misses the Net.
17:27 of 3rd period - Slapshot by Thomas Hickey.
17:27 of 3rd period - Stopped by Alex Stalock without a rebound.
17:28 of 3rd period - Zac Dalpe wins face-off versus Maxime Macenauer in Influenza zone.
17:49 of 3rd period - Major Penalty to Ben Smith for Kneeing.
17:50 of 3rd period - Robbie Earl wins face-off versus Jesse Winchester in Influenza zone.
19:28 of 3rd period - Noah Welch is hit by Jason Ryznar and loses puck.
19:57 of 3rd period - Corey Tropp is hit by Maxime Macenauer and loses puck.
Goals for this period are 1 for Influenza vs 1 for Wiprows.
Shots for this period are 9 for Influenza vs 9 for Wiprows.
Output by the SimonT Hockey Simulator (STHS) for François Prévost -- Original Page W3C XHTML 1.0 Valid